AoeStats
← agamemnon_of_mycenae

Arabia

509783783Analyzed
1v1 RM · 3d ago on Sep 28, 2026· 34m 4s· 2 players
Game mode
Random Map
Map size
Tiny (2 player)
Population
200
Speed
Normal
Resources
Standard
Victory
Conquest
Starting age
Dark Age
Ending age
Imperial Age
RankedLock teamsTeams togetherTeam positionsShared explorationLock speedFull tech treeHidden civsTurbo modeCheats
Victory
Defeat
🇨🇳 Teutons · China
960
+16
🇺🇸 Berbers · United States
961
-16
flyfish
10:44 Feudal Age
8:59 Loom
11:22 Town Watch
33:04 Castle Age
32:20 Fletching
agamemnon_of_mycenae
7:45 Loom
11:06 Feudal Age
11:32 Double-Bit Axe
12:23 Wheelbarrow
24:12 Castle Age
Connection lost

Rejoining the realm…

Still unreachable

The connection could not be restored.

Session expired

The server has moved on; the page needs a fresh start.